 Dungeon Crawl Stone Soup version 0.30.1-11-g7821555f0a (webtiles) character file.

Game seed: 6419860355128184411

12641 Lutefisk the Zephyrmancer (level 11, -9/64 HPs)
             Began as a Tengu Air Elementalist on Dec 9, 2023.
             Was an Initiate of Gozag.
             Succumbed to Nessos's poison
             ... on level 11 of the Dungeon on Dec 10, 2023.
             The game lasted 01:06:21 (7316 turns).

Lutefisk the Zephyrmancer (Tengu Air Elementalist)  Turns: 7316, Time: 01:06:22

Health: -9/64      AC:  8    Str:  9    XL:     11   Next: 96%
Magic:  12/22      EV: 20    Int: 18    God:    Gozag
Gold:   774        SH:  0    Dex: 19    Spells: 13/24 levels left

rFire   . . .        u - staff of air
rCold   . . .        (no shield)
rNeg    . . .        x - +0 steam dragon scales
rPois   .            (helmet restricted)
rElec   +            G - +0 cloak of Cheibriados's Fury {Dex+3}
rCorr   .            m - +0 pair of gloves
SInv    +            (boots unavailable)
Will    .....        (no amulet)
Stlth   +++          g - ring of wizardry
HPRegen 0.30/turn    j - ring of see invisible
MPRegen 0.18/turn

%: wizardry (x1)
@: lethally poisoned (-9 -> -52), flying quickly and evasively, quick
A: beak, talons 3, nimble flight
a: Renounce Religion, Potion Petition, Call Merchant, Bribe Branch


You were on level 11 of the Dungeon.
You worshipped Gozag.
Gozag was pleased with you.
You visited 3 branches of the dungeon, and saw 15 of its levels.
You also visited: Sewer and Ossuary.

You collected 1030 gold pieces.
You paid 256 gold pieces to Gozag.

Inventory:

Hand Weapons
 r - a +2 vampiric dagger
 F - a +1 spear of venom
Missiles
 a - a curare-tipped dart
 y - 5 throwing nets
 I - 6 poisoned darts (quivered)
Armour
 m - a +0 pair of gloves (worn)
 v - a +0 kite shield
 x - +0 steam dragon scales (worn)
 G - the +0 cloak of Cheibriados's Fury (worn) {Dex+3}
   (You found it on level 6 of the Dungeon)

   Dex:       It affects your dexterity (+3).
Magical Staves
 u - a staff of air (weapon)
Jewellery
 g - a ring of wizardry (left hand)
 j - a ring of see invisible (right hand)
 s - a +6 ring of intelligence
 J - a ring of wizardry
 R - a ring of resist corrosion
 T - a ring of protection from cold
Wands
 i - a wand of flame (26)
 K - a wand of mindburst (2)
 Q - a wand of digging (4)
 U - a wand of iceblast (19)
Scrolls
 d - 3 scrolls of magic mapping
 f - a scroll of brand weapon {unknown}
 h - 3 scrolls of immolation
 k - 5 scrolls of poison
 l - a scroll of silence {unknown}
 n - 3 scrolls of teleportation
 p - 2 scrolls of fear
 B - 2 scrolls of fog
 C - a scroll of identify
 E - a scroll of noise {unknown}
 L - 2 scrolls of enchant armour {unknown}
 O - a scroll of blinking {unknown}
 S - a scroll of enchant weapon {unknown}
Potions
 b - 2 potions of magic
 c - 5 potions of mutation
 e - 9 potions of curing
 o - 3 potions of ambrosia
 q - a potion of resistance
 t - 3 potions of cancellation
 w - a potion of haste {unknown}
 z - a potion of attraction {unknown}
 A - 2 potions of lignification
 D - 3 potions of might
 H - 2 potions of brilliance
 M - 3 potions of berserk rage
 P - a potion of flight {unknown}


   Skills:
 * Level 6.3 Fighting
 - Level 6.0 Staves
 - Level 1.0 Throwing
 - Level 6.0 Armour
 - Level 8.0 Dodging
 - Level 3.0 Stealth
 * Level 2.2 Shields
 - Level 7.0 Spellcasting
 - Level 8.0 Conjurations
 - Level 12.0 Air Magic
 - Level 5.0 Evocations


You had 13 spell levels left.
You knew the following spells:

 Your Spells              Type           Power      Damage    Failure   Level
a - Shock                 Conj/Air       100%       1d9       1%          1
b - Static Discharge      Conj/Air       100%       2-7/arc   1%          2
c - Swiftness             Air            65%        N/A       1%          3
d - Airstrike             Air            32%        2d(5-21)  1%          4
e - Apportation           Tloc           12%        N/A       4%          1

Your spell library contained the following spells:

 Spells                   Type           Power      Damage    Failure   Level
 Hailstorm                Conj/Ice       20%        3d6       2%          3
 Beastly Appendage        Tmut           12%        N/A       4%          1
 Freeze                   Ice            24%        1d4       4%          1
 Necrotise                Necr           24%        1d5       4%          1
 Summon Small Mammal      Summ           24%        N/A       4%          1
 Wereblood                Tmut           6%         N/A       6%          2
 Frozen Ramparts          Ice            12%        1d2       13%         3
 Spider Form              Tmut/Pois      6%         N/A       13%         3


Dungeon Overview and Level Annotations

Branches:
Dungeon (13/15)            Temple (1/1) D:6            Lair (1/5) D:10
  Sewer (visited)         Ossuary (visited)
    Orc: D:9-12      Vaults: D:13-14

Altars:
Ashenzari
Cheibriados
Dithmenos
Elyvilon
Fedhas
Gozag
Hepliaklqana
Kikubaaqudgha
Makhleb
Nemelex Xobeh
Okawaru
Qazlal
Ru
Sif Muna
Trog
Uskayaw
Vehumet
Wu Jian
Xom
Yredelemnul
Zin
The Shining One

Shops:
D:2 [   D:6 ((:   D:10 =   D:11 =

Annotations:
D:3 Natasha
D:7 3 runed translucent doors
D:8 Gastronok
D:10 1 runed translucent door, andronian's ghost, journeyman MfFi
D:11 Grum
D:12 2 transporters, Nessos; middlethird's ghost, journeyman VSTm
Lair:1 Amaemon


Innate Abilities, Weirdness & Mutations

You have a beak for a mouth.
You have claws for feet.
Your magical nature lets you fly swiftly and evasively.


Message History

Casting: Airstrike (safe; 1% risk of failure)
Confirm with . or Enter, or press ? or * to list all spells.
Aiming: Airstrike (safe; 1% risk of failure)
Press: ? - help, Dir - move target, f/p - troll
Aim: a troll (heavily wounded, empty space bonus: 6/8)
You feel a surge of power!
The air twists around and strikes the troll!
The troll is severely wounded.
The troll bites you but does no damage. The troll misses you.
The troll claws you.
Casting: Airstrike (safe; 1% risk of failure)
Confirm with . or Enter, or press ? or * to list all spells.
Aiming: Airstrike (safe; 1% risk of failure)
Press: ? - help, Dir - move target, f/p - troll
Aim: a troll (severely wounded, empty space bonus: 6/8)
You feel a surge of power!
The air twists around and strikes the troll!
You kill the troll!
Unknown command.
You now have 774 gold pieces (gained 13).
The vampire mosquito buzzes angrily.
You hear a shout!
The vampire mosquito is distracted by your dazzling golden aura.
Nessos the Markscentaur comes into view.
Found a spear.
Nessos wields a +3 longbow of flaming.
It bursts into flame!
Nessos shoots an arrow.
The arrow hits you!! The arrow burns you!
You are poisoned.
There is an open door, spattered with blood here.
Unknown command.
You feel extremely sick.
There is a stone staircase leading up here.
You feel very sick.
Nessos shoots an arrow.
The arrow hits you!
* * * LOW HITPOINT WARNING * * *
The arrow burns you.
You are more poisoned.
* * * LOW HITPOINT WARNING * * *
You fly upwards.
Level annotation: Grum You die...
Your body crumbles into a pile of gold.

########.########.# .........#
#.# #################.##########
.........#...........#
#....#..########.# #.
#....#..########.###### #.
#....#..#........##....
#.#########.......#........##.###
................@.#........##.#..
.......########...#........##.#.#
.......# #...#........##.#..
#......########...#........##.###
#.................#........#.....
#......######.#...########.######
#......# #.#...#### #....)..
#.#.#### #........# ########
#.....# #........#


There were no monsters in sight!

Vanquished Creatures
  2 boulder beetles
  Pikel (D:6)
  A black mamba (Lair:1)
  2 orange demons
  A komodo dragon (D:12)
  A rime drake (Lair:1)
  3 trolls
  An ice devil (D:10)
  A hornet (D:8)
  Prince Ribbit (D:6)
  16 yaks
  A vampire (D:11)
  A wraith (D:11)
  2 wyverns
  2 steam dragons
  2 humans (D:8)
  3 acid dragons
  3 black bears
  3 orc warriors
  2 ice beasts
  A sky beast (D:6)
  A wolf (D:6)
  2 centaurs
  A phantom (D:5)
  A lemure (D:6)
  5 scorpions
  4 gnoll sergeants
  6 water moccasin zombies (Ossuary)
  9 wights
  21 killer bees
  4 howler monkeys
  An electric eel (D:6)
  2 gnoll boudas (D:6)
  A quasit (D:10)
  4 hounds
  5 orc priests
  2 jellies
  A sleepcap (D:6)
  5 orc wizards
  A human skeleton (D:8)
  Natasha (D:3)
  2 mummies (Ossuary)
  24 gnolls
  10 adders
  A white imp (D:6)
  7 adder zombies (Ossuary)
  A dart slug (D:2)
  10 orcs
  5 ball pythons
  5 endoplasms
  7 giant cockroaches
  4 gnoll zombies (Ossuary)
  4 hobgoblins
  10 jackals
  2 kobolds
  4 quokkas
  A bat (D:1)
  5 frilled lizards
  4 goblins
  2 hobgoblin zombies (Ossuary)
  6 kobold zombies (Ossuary)
  3 orc skeletons (D:8)
  6 orc zombies
  4 rats
254 creatures vanquished.

Notes
Turn   | Place    | Note
-------+----------+-------------------------------------------
     0 | D:1      | Lutefisk the Tengu Air Elementalist began the quest for the
                  | Orb.
     0 | D:1      | Reached XP level 1. HP: 10/10 MP: 4/4
    88 | D:1      | Reached skill level 1 in Fighting
   138 | D:2      | Reached XP level 2. HP: 11/16 MP: 0/6
   141 | D:2      | Found Sewin's Antique Armour Emporium.
   279 | D:2      | Reached XP level 3. HP: 3/22 MP: 3/7
   334 | D:1      | Learned a level 2 spell: Static Discharge
   338 | D:1      | Learned a level 3 spell: Swiftness
   477 | D:3      | Found a faded altar of an unknown god.
   511 | D:3      | Found a glowing drain.
   515 | Sewer    | Entered a sewer
   545 | Sewer    | Reached XP level 4. HP: 26/28 MP: 1/8
   936 | D:3      | Noticed Natasha
  1087 | D:3      | Killed Natasha
  1088 | D:3      | Reached skill level 5 in Air Magic
  1088 | D:3      | Gained mutation: Your magical nature lets you fly swiftly
                  | and evasively. [Tengu growth]
  1088 | D:3      | Reached XP level 5. HP: 10/32 MP: 4/9
  1089 | D:3      | Noticed Natasha
  1429 | D:5      | Entered Level 5 of the Dungeon
  1472 | D:4      | Reached skill level 1 in Armour
  1479 | D:4      | Found a broken altar of Ashenzari.
  1479 | D:4      | Found a glowing silver altar of Zin.
  1509 | D:4      | Reached skill level 1 in Staves
  1688 | D:5      | Reached XP level 6. HP: 37/37 MP: 6/10
  1696 | D:5      | Reached skill level 1 in Throwing
  1696 | D:5      | Reached skill level 6 in Air Magic
  1696 | D:5      | Reached skill level 1 in Evocations
  1916 | D:6      | Found Saahyth's Tiny Tomes.
  1945 | D:6      | Noticed a black bear
  1956 | D:6      | Killed a black bear
  1957 | D:6      | Reached XP level 7. HP: 31/43 MP: 2/11
  2003 | D:6      | Noticed Pikel
  2055 | D:6      | Noticed a steam dragon
  2094 | D:5      | Learned a level 4 spell: Airstrike
  2133 | D:6      | Found Joitijo's Weapon Boutique.
  2134 | D:6      | Found Fateos's Weapon Shoppe.
  2176 | D:6      | Reached skill level 7 in Air Magic
  2281 | D:6      | Noticed Prince Ribbit
  2302 | D:6      | Killed Prince Ribbit
  2303 | D:6      | Reached skill level 8 in Air Magic
  2303 | D:6      | Reached XP level 8. HP: 39/48 MP: 2/12
  2482 | D:6      | Found a staircase to the Ecumenical Temple.
  2488 | Temple   | Entered the Ecumenical Temple
  2702 | D:6      | Reached skill level 1 in Shields
  2856 | D:6      | Reached skill level 5 in Conjurations
  2884 | D:6      | Identified the +0 cloak of Cheibriados's Fury {Dex+3}
  2989 | D:6      | Reached XP level 9. HP: 44/52 MP: 8/14
  3011 | D:6      | Reached skill level 9 in Air Magic
  3292 | D:7      | Found a runed translucent gate.
  3292 | D:7      | Found a runed translucent gate.
  3292 | D:7      | Found a runed translucent gate.
  3421 | D:7      | Found a blossoming altar of Fedhas.
  3498 | D:7      | Reached skill level 10 in Air Magic
  3504 | D:7      | Reached skill level 5 in Fighting
  3564 | D:8      | Found an iron altar of Okawaru.
  3579 | D:8      | Reached skill level 5 in Dodging
  3609 | D:8      | Noticed a hornet
  3617 | D:8      | Killed a hornet
  3651 | D:8      | Found a sand-covered staircase.
  3656 | Ossuary  | Entered an ossuary
  3773 | Ossuary  | Reached XP level 10. HP: 47/59 MP: 11/17
  3988 | D:8      | Reached skill level 5 in Staves
  4134 | D:8      | Noticed Gastronok
  4370 | D:8      | Reached skill level 5 in Armour
  4370 | D:8      | Reached skill level 5 in Evocations
  4397 | D:8      | Reached skill level 5 in Spellcasting
  4501 | D:6      | Killed Pikel
  4725 | D:8      | Learned a level 1 spell: Apportation
  4787 | D:9      | Reached skill level 11 in Air Magic
  5003 | D:9      | Reached XP level 11. HP: 47/64 MP: 6/19
  5139 | D:10     | Entered Level 10 of the Dungeon
  5175 | D:10     | Reached skill level 12 in Air Magic
  5189 | D:10     | Found Gecwo's Jewellery Shoppe.
  5303 | D:10     | Found a runed translucent door.
  5303 | D:10     | Noticed a white ugly thing
  5303 | D:10     | Noticed andronian's ghost (journeyman MfFi)
  5445 | D:10     | Noticed a soul eater
  5646 | D:10     | Found an opulent altar of Gozag.
  5665 | D:10     | Became a worshipper of Gozag Ym Sagoz the Greedy
  5734 | D:10     | Found a staircase to the Lair.
  5744 | Lair:1   | Entered Level 1 of the Lair of Beasts
  6071 | Lair:1   | Noticed Amaemon
  6327 | D:11     | Noticed a boulder beetle
  6426 | D:11     | Found Ecajoer's Jewellery Shop.
  6453 | D:11     | Noticed a boulder beetle
  6467 | D:11     | Killed a boulder beetle
  6557 | D:11     | Noticed Grum
  6740 | D:11     | Noticed a boulder beetle
  6844 | D:10     | Killed a boulder beetle
  7280 | D:12     | Found a transporter.
  7282 | D:12     | Found a transporter.
  7283 | D:12     | Noticed a cyclops
  7283 | D:12     | Noticed a two-headed ogre
  7284 | D:12     | Noticed a cyclops
  7296 | D:12     | Noticed a deep elf pyromancer
  7297 | D:12     | Noticed a deep elf archer
  7299 | D:12     | Noticed a green ugly thing
  7304 | D:12     | Noticed middlethird's ghost (journeyman VSTm)
  7313 | D:12     | Noticed Nessos
  7316 | D:11     | Succumbed to Nessos's poison

Illustrated notes

Levels and vault maps discovered:
D:1:      lemuel_arrival_funnel, layout_basic, grunt_decor_arrowhead
D:2:      layout_basic, serial_shops, nicolae_shop_waterfront
D:3:      layout_basic, gup_sewer_entry_bowl, hellmonk_ecumenical_altar_zigzags,
          uniq_natasha, uniq_crazy_yiuf_cottage
D:4:      layout_layer_cave, gammafunk_temple_overflow_elements, uniq_robin
D:5:      layout_loops_ring
D:6:      layout_cave_pools, minmay_temple_entry_fiery, serial_gnoll_camp,
          gnoll_camp_medium_02, gnoll_camp_mini_loothouse, gnoll_camp_mini_hut,
          gnoll_camp_huts_basic, gnoll_camp_mini_hut,
          nicolae_shop_i_like_small_books_too, nicolae_wooded_promenade,
          uniq_prince_ribbit1, uniq_pikel
D:7:      layout_basic, fedhas_altar_4, gammafunk_ghost_icy
D:8:      layout_rooms, okawaru_humans, nicolae_ossuary_entry_catacombs,
          uniq_gastronok
D:9:      layout_long_grid
D:10:     layout_loops_corners, mainiacjoe_overflow_boulevard,
          grunt_lair_entry_orc_guard_hut, serial_demonic, serial_demonic_c,
          serial_demonic_e, serial_demonic_c, serial_demonic_g,
          ebering_ghost_inner_flame, minmay_stone_trees_medium,
          grunt_ministairs_13, minmay_shop_enchanted_jewellery
D:11:     layout_basic, serial_shops, nicolae_diamond_shop, uniq_grum
D:12:     kennysheep_blocky_room, layout_rooms,
          kennysheep_orc_monster_closet_entryway, nzn_ghost_randoct,
          serial_bayou_crossing, uniq_rupert, uniq_nessos
D:13:     layout_roguey, david_vaults_2, ebering_ghost_funeral_grove
Temple:   sentei_temple_godly_chess
Lair:1:   layout_layer_cave, chequers_serial_rivers_small_b,
          nicolae_lair_grazing_beasts [nicolae_sub_lair_graze_edge,
          nicolae_sub_lair_graze_edge, nicolae_sub_lair_graze_edge,
          nicolae_sub_lair_graze_edge], grunt_megastairs_5, uniq_amaemon

Skill      XL: |  1  2  3  4  5  6  7  8  9 10 11 |
---------------+----------------------------------+-----
Fighting       | 1 2 3 4 5 6 |  6.3
Conjurations   | 2 3 4 5 6 8 |  8.0
Air Magic      | 5 6 8 10 11 12 | 12.0
Armour         | 1 2 3 4 5 6 |  6.0
Staves         | 1 2 4 5 6 |  6.0
Throwing       | 1 |  1.0
Evocations     | 1 2 4 5 |  5.0
Dodging        | 3 4 5 8 |  8.0
Spellcasting   | 3 4 5 7 |  7.0
Shields        | 1 2 |  2.2
Stealth        | 3 |  3.0

Action                     |  1- 3 |  4- 6 |  7- 9 | 10-12 || total
---------------------------+-------+-------+-------+-------++-------
  Melee: Unarmed           |     9 |       |       |       ||     9
         Kick              |     7 |     9 |    27 |    51 ||    94
         Dagger            |    21 |    24 |     3 |       ||    48
         Peck              |     2 |     6 |    19 |    23 ||    50
         Punch             |     1 |       |       |     3 ||     4
         Staff             |       |     9 |    83 |   124 ||   216
  Throw: Dart              |       |       |     7 |    14 ||    21
         Throwing net      |       |       |     1 |       ||     1
   Cast: Shock             |    35 |    70 |    83 |   126 ||   314
         Swiftness         |       |     1 |       |       ||     1
         Airstrike         |       |       |    14 |    55 ||    69
         Static Discharge  |       |       |     9 |    32 ||    41
         Apportation       |       |       |       |     9 ||     9
  Evoke: Wand              |       |       |     9 |     9 ||    18
    Use: Scroll            |       |     5 |     5 |     6 ||    16
         Potion            |       |       |       |     2 ||     2
   Stab: Sleeping          |     1 |     3 |     1 |     2 ||     7
         Distracted        |       |       |       |     1 ||     1
 Armour: Robe              |    12 |     7 |    11 |     8 ||    38
         Steam dragon scal |       |       |       |    29 ||    29
  Dodge: Dodged            |    32 |    37 |   102 |   202 ||   373
